AoeStats
← Scurvy Enjoyer

MegaRandom

505587374Analyzed
2v2 RM · 21d ago on Sep 10, 2026· 27m 0s· 4 players
Game mode
Random Map
Map size
Medium (4 player)
Population
200
Speed
Normal
Resources
Standard
Victory
Conquest
Starting age
Dark Age
Ending age
Imperial Age
RankedLock teamsTeams togetherTeam positionsShared explorationLock speedFull tech treeHidden civsTurbo modeCheats
Victory
Defeat
🇺🇸 Inca · United States
1026
+15
🇺🇸 Maya · United States
1026
+15
🇺🇸 Tupi · United States
1000
-45
🇺🇸 Slavs · United States
1000
-45
mukkman13
6:15 Loom
13:42 Feudal Age
14:06 Horse Collar
14:12 Double-Bit Axe
14:22 Gold Mining
14:26 Stone Mining
16:35 Wheelbarrow
16:57 Town Watch
17:31 Champi Runner
20:13 Arson
rebellioussoul92
11:24 Feudal Age
10:00 Loom
19:23 Wheelbarrow
19:38 Town Watch
24:50 Castle Age
25:45 Man-at-Arms
26:16 Town Watch
Hupee
6:31 Loom
10:09 Feudal Age
14:11 Town Watch
17:03 Castle Age
14:28 Champi Runner
16:30 Wheelbarrow
15:48 Double-Bit Axe
15:55 Horse Collar
17:40 Scale Mail Armor
17:51 Forging
19:10 Champi Warrior
21:54 Bow Saw
21:54 Squires
21:40 Arson
Scurvy Enjoyer
7:55 Loom
11:11 Feudal Age
11:57 Double-Bit Axe
21:16 Fletching
23:39 Castle Age
26:19 Thumb Ring
25:35 Crossbowman
Connection lost

Rejoining the realm…

Still unreachable

The connection could not be restored.

Session expired

The server has moved on; the page needs a fresh start.